 Dungeon Crawl Stone Soup version 0.25-a0-447-gff83419037 (webtiles) character file.

Game seed: 12053784313798267469, levelgen mode: deterministic

74890 ReteAZ the Scorcher (level 15, 0/82 HPs)
             Began as a Gargoyle Fire Elementalist on Jan 31, 2020.
             Was a High Priest of Vehumet.
             Slain by Agnes
             ... wielding a +2 lajatang of speed
              (15 damage)
             ... on level 15 of the Dungeon.
             The game lasted 01:34:57 (33176 turns).

ReteAZ the Scorcher (Gargoyle Fire Elementalist)   Turns: 33176, Time: 01:34:57

Health: 0/82       AC: 25    Str: 11    XL:     15   Next: 48%
Magic:  41/58      EV: 14    Int: 22    God:    Vehumet [*****.]
Gold:   64         SH:  5    Dex: 15    Spells: 8/28 levels left

rFire    + + .     SeeInvis .   U - staff of power
rCold    + + .     Gourm    .   F - +0 buckler
rNeg     + . .     Faith    .   w - +1 fire dragon scales
rPois    ∞         Spirit   .   (no helmet)
rElec    +         Reflect  .   (no cloak)
rCorr    .         Harm     .   Y - +0 pair of gloves
MR       +++..                  o - +0 pair of boots (curse)
Stlth    +.........             (no amulet)
HPRegen  0.23/turn              H - ring of Jagatuhule {rC+++ MR++ MP+9 Str-3 Int+2}
MPRegen  0.36/turn              L - ring of magical power

@: agile, hasted, very quick
A: big wings, negative energy resistance 1, electricity resistance, unbreathing,
petrification resistance, rot immunity, AC +11
a: Fly, Renounce Religion


You were on level 15 of the Dungeon.
You worshipped Vehumet.
Vehumet was extremely pleased with you.
You were not hungry.

You visited 3 branches of the dungeon, and saw 22 of its levels.
You also visited: Ossuary.

You collected 1079 gold pieces.
You spent 1015 gold pieces at shops.

Inventory:

Hand Weapons
 A - a +5 scimitar of draining
Missiles
 a - 2 curare-tipped darts (quivered)
 l - 558 stones
Armour
 h - a +1 scale mail of cold resistance
 o - a cursed +0 pair of boots (worn)
 w - +1 fire dragon scales (worn)
 F - a +0 buckler (worn)
 V - a +0 shield
 Y - a +0 pair of gloves (worn)
Magical Staves
 J - an uncursed staff of earth
 U - an uncursed staff of power (weapon)
Jewellery
 k - an uncursed ring of see invisible
 p - an uncursed ring of ice
 t - an uncursed ring of wizardry
 H - the ring of Jagatuhule (left hand) {rC+++ MR++ MP+9 Str-3 Int+2}
   (You bought it in a shop on level 6 of the Dungeon)

   [ring of intelligence]

   It affects your strength (-3).
   It affects your intelligence (+2).
   It renders you almost immune to cold.
   It affects your resistance to hostile enchantments.
   It affects your magic capacity (+9).
 L - a ring of magical power (right hand)
 R - an uncursed ring of protection from fire
 W - an uncursed ring of resist corrosion
 X - an uncursed ring of protection from magic
Wands
 v - a wand of random effects (39)
 K - a wand of paralysis (9)
 O - a wand of flame (16)
 T - a wand of enslavement (3)
 Z - a wand of iceblast (8)
Scrolls
 f - 2 scrolls of identify
 g - 4 scrolls of immolation
 i - 6 scrolls of magic mapping
 j - 15 scrolls of remove curse
 m - 8 scrolls of enchant weapon
 q - 4 scrolls of fear
 r - 4 scrolls of amnesia
 u - 3 scrolls of fog
 y - 3 scrolls of enchant armour
 G - 2 scrolls of silence
 N - 2 scrolls of blinking
 Q - 5 scrolls of teleportation
Potions
 b - a potion of resistance
 d - 3 potions of mutation
 e - 9 potions of curing
 n - 4 potions of haste
 s - a potion of flight
 x - 6 potions of cancellation
 C - a potion of ambrosia
 D - 6 potions of brilliance
 E - a potion of magic
 P - 3 potions of lignification {unknown}
Miscellaneous
 I - a lamp of fire (inert)
Comestibles
 c - 41 rations


   Skills:
 - Level 5.1 Fighting
 - Level 8.0 Armour
 - Level 1.5 Dodging
 - Level 2.1 Stealth
 - Level 4.5 Shields
 - Level 7.2 Spellcasting
 * Level 13.5 Conjurations
 - Level 15.0 Fire Magic
 + Level 10.9 Earth Magic
 - Level 10.1 Evocations


You had 8 spell levels left.
You knew the following spells:

 Your Spells              Type           Power        Failure   Level  Hunger
a - Foxfire               Conj/Fire      ####         1%          1    None
b - Sticky Flame          Conj/Fire      ######..     1%          4    ###....
c - Stone Arrow           Conj/Erth      ######       1%          3    None
d - Fireball              Conj/Fire      ######....   1%          5    #####..
e - Orb of Destruction    Conj           ######....   36%         7    #######

Your spell library contained the following spells:

 Spells                   Type           Power        Failure   Level  Hunger
 Irradiate                Conj/Tmut      #####.....   22%         5    #####..
 Shock                    Conj/Air       ####         1%          1    None
 Conjure Flame            Conj/Fire      ######..     1%          3    None
 Inner Flame              Hex/Fire       #####...     1%          3    None
 Static Discharge         Conj/Air       #####...     2%          3    None
 Ignite Poison            Fire/Tmut/Pois ####....     5%          3    None
 Mephitic Cloud           Conj/Pois/Air  ####....     7%          3    None
 Lightning Bolt           Conj/Air       #####.....   22%         5    #####..
 Pain                     Necr           #...         45%         1    None
 Sting                    Tmut/Pois      #...         45%         1    None
 Summon Small Mammal      Summ           #...         45%         1    None
 Call Imp                 Summ           #.......     58%         2    None
 Corpse Rot               Necr/Air       N/A          58%         2    None
 Poisonous Vapours        Pois/Air       #.....       58%         2    None
 Swiftness                Chrm/Air       #.......     58%         2    None
 Airstrike                Air            #.........   73%         4    ###....
 Olgreb's Toxic Radiance  Pois           #.......     73%         4    ###....
 Call Canine Familiar     Summ           #.......     83%         3    None
 Summon Guardian Golem    Hex/Summ       #.......     83%         3    None
 Dispel Undead            Necr           #.......     99%         4    ###....
 Summon Ice Beast         Ice/Summ       #.......     99%         4    ###....
 Summon Lightning Spire   Summ/Air       #.......     99%         4    ###....
 Agony                    Necr           #.......     100%        5    #####..
 Excruciating Wounds      Chrm/Necr      #.........   100%        5    #####..
 Sublimation of Blood     Necr           Unusable     N/A         2    N/A

Dungeon Overview and Level Annotations

Branches:
Dungeon (15/15)            Temple (1/1) D:5            Lair (6/6) D:10
 Shoals (0/4) Lair:3        Snake (0/4) Lair:2        Slime (0/5) Lair:6
    Orc (0/2) D:11        Ossuary (visited)
 Vaults: D:13-14     Depths: D:15

Altars:
Cheibriados
Dithmenos
Fedhas
Gozag
Hepliaklqana
Kikubaaqudgha
Makhleb
Qazlal
Ru
Sif Muna
Trog
Uskayaw
Vehumet
Wu Jian
Xom

Shops:
D:6 }:*(   D:10 %

Annotations:
D:15 Agnes
Lair:4 exclusion: oklob plant
Lair:6 exclusion: 2 oklob plants


Innate Abilities, Weirdness & Mutations

You are resistant to torment.
Your stone body is resilient. (AC +11)
You are immune to poison.
Your large and strong wings let you fly indefinitely.
You resist negative energy. (rN+)
You are resistant to electric shocks. (rElec)
You can survive without breathing.
You are immune to petrification.
You are immune to rotting.


Message History

Agnes hits you with a +2 lajatang of speed.
Casting: Stone Arrow (safe; 1% risk of failure)
Confirm with . or Enter, or press ? or * to list all spells.
Aiming: Stone Arrow (safe; 1% risk of failure)
Press: ? - help, Shift-Dir - straight line, f/p - Agnes
Aim: Agnes, wielding a +2 lajatang of speed and wearing a +2 robe of fire resistance (heavily wounded)
The stone arrow misses Agnes.
The centaur warrior skeleton hits you but does no damage.
Agnes hits you but does no damage.
The centaur warrior skeleton hits you but does no damage.
Agnes hits you with a +2 lajatang of speed!!
* * * LOW HITPOINT WARNING * * *
Agnes hits you but does no damage.
Agnes says, "The ORB is mine by right."
Agnes hits you but does no damage.
You feel agile all of a sudden. You block Agnes's attack. Agnes misses you.
You feel yourself speed up. Agnes barely misses you.
Agnes hits you with a +2 lajatang of speed!
You die...

...'....'.................#......
...#....#.................#####..
...######.................#...#..
........##'##'##########÷##...#..
........#....#...# #..)#÷#...#..
........#....#.#.####)#.#.##'##..
........#....#..).......#.'......
################)####.###.#..)...
#.. #@# #.# #.#...#.. #.. #i# #.#
#.#...#.. #Z.###Z####.###.#...#..
#..#..W.......#.#####..
#..#.#.####.#.#.# +..
#+###..#...# #...#. ##
.......'#### ####+
..........[.... ...............


You could see Agnes, a freezing wraith and a centaur warrior skeleton.

Vanquished Creatures
  A storm dragon (D:13)
  A fire giant (D:13)
  Louise (D:15)
  Azrael (D:15)
  A fire dragon (D:13)
  Erolcha (D:11)
  Fannar (Lair:2)
  10 hydras
  3 catoblepae (Lair:6)
  3 centaur warriors
  4 tengu warriors
  2 two-headed ogres
  7 death yaks
  Urug (D:11)
  An unseen horror (D:14)
  6 ugly things
  An orb spider (shapeshifter) (D:13)
  3 cyclopes
  A deep elf mage (D:14)
  3 manticores
  10 elephants
  3 black mambas
  2 torpor snails (Lair:4)
  A rime drake (Lair:1)
  13 spiny frogs
  7 komodo dragons
  5 trolls
  A queen bee (Lair:2)
  A meliai (shapeshifter) (D:15)
  2 polar bears (Lair:6)
  A snapping turtle (Lair:3)
  5 blink frogs (Lair:4)
  2 hornets
  Grinder (D:6)
  2 slime creatures (D:12)
  4 dream sheep (Lair:4)
  10 hippogriffs
  A shadow (D:15)
  2 wyverns
  46 yaks
  6 humans (D:14)
  3 fire elementals (D:15)
  4 vampire mosquitoes (D:15)
  4 basilisks
  4 hungry ghosts
  Menkaure (D:4)
  4 wargs (D:11)
  4 acid dragons
  2 nagas (Lair:2)
  Edmund (D:5)
  13 water moccasins
  6 porcupines
  A hell hound (D:15)
  13 orc warriors
  3 ice beasts
  An eye of draining (D:8)
  A necrophage (D:11)
  4 sky beasts
  4 phantoms
  6 wolves (Lair:3)
  13 ogres
  9 centaurs
  11 crocodiles
  6 big kobolds
  14 bullfrogs
  2 gnoll sergeants (D:11)
  5 scorpions
  29 killer bees
  14 wights
  8 howler monkeys
  4 electric eels
  12 crimson imps
  A centaur zombie (Ossuary)
  3 human zombies (Ossuary)
  4 centaur skeletons
  5 hounds
  6 jellies
  15 orc wizards
  3 orc priests
  3 iguanas
  7 worker ants
  3 big kobold zombies (Ossuary)
  A hound skeleton (D:4)
  2 mummies (Ossuary)
  3 worker ant zombies
  4 gnolls
  13 adders
  5 shadow imps
  5 oozes (D:8)
  5 adder zombies
  An adder skeleton (D:7)
  4 worms
  5 dart slugs
  6 leopard geckos
  58 orcs
  10 giant cockroaches
  10 hobgoblins
  11 jackals
  12 kobolds
  7 quokkas
  A ball python (D:1)
  8 bats
  5 frilled lizards
  8 goblins
  9 hobgoblin zombies (Ossuary)
  A jackal zombie (Ossuary)
  7 kobold zombies (Ossuary)
  8 orc zombies (Ossuary)
  A quokka skeleton (D:5)
  3 rats
  2 rat zombies (Ossuary)
  A fungus (Lair:6)
  3 plants
652 creatures vanquished.

Vanquished Creatures (collateral kills)
  A hydra (Lair:1)
  An orc (D:9)
2 creatures vanquished.

Vanquished Creatures (others)
  1858 foxfires
  8 fungi
  24 plants
1890 creatures vanquished.

Grand Total: 2544 creatures vanquished

Notes
Turn   | Place    | Note
-------+----------+-------------------------------------------
     0 | D:1      | ReteAZ the Gargoyle Fire Elementalist began the quest for
                  | the Orb.
     0 | D:1      | Reached XP level 1. HP: 10/10 MP: 3/3
   307 | D:1      | Reached XP level 2. HP: 15/15 MP: 0/5
   675 | D:1      | Reached XP level 3. HP: 19/19 MP: 3/6
   955 | D:2      | Noticed an ogre
   986 | D:1      | Killed an ogre
   986 | D:1      | Reached skill level 4 in Fire Magic
   986 | D:1      | Reached XP level 4. HP: 4/24 MP: 4/8
  1329 | D:2      | Reached XP level 5. HP: 28/28 MP: 5/9
  1711 | D:2      | Found a hazy altar of Hepliaklqana.
  3068 | D:4      | Reached skill level 5 in Fire Magic
  3068 | D:4      | Reached XP level 6. HP: 32/32 MP: 6/10
  3118 | D:4      | Found an ancient bone altar of Kikubaaqudgha.
  3119 | D:4      | Found a radiant altar of Vehumet.
  3121 | D:4      | Found a shimmering blue altar of Sif Muna.
  3124 | D:4      | Identified Kikubaaqudgha's Compendium of Evil Magic
  3572 | D:4      | Noticed Menkaure
  3586 | D:4      | Killed Menkaure
  3586 | D:4      | Reached skill level 6 in Fire Magic
  3586 | D:4      | Reached XP level 7. HP: 36/36 MP: 8/12
  3790 | D:4      | Reached skill level 1 in Armour
  4373 | D:5      | Entered Level 5 of the Dungeon
  4452 | D:5      | Reached XP level 8. HP: 38/41 MP: 8/14
  4517 | D:5      | Found a staircase to the Ecumenical Temple.
  4530 | D:5      | Reached skill level 7 in Fire Magic
  4684 | D:5      | Reached skill level 5 in Conjurations
  4778 | D:5      | Noticed Edmund
  4789 | D:5      | Killed Edmund
  4797 | D:5      | Found a sand-covered staircase.
  4803 | Ossuary  | Entered an ossuary
  5528 | Temple   | Entered the Ecumenical Temple
  5572 | D:4      | Became a worshipper of Vehumet
  5632 | D:5      | Found a bloodstained altar of Trog.
  6105 | D:6      | Reached skill level 5 in Spellcasting
  6121 | D:6      | Reached skill level 8 in Fire Magic
  6301 | D:6      | Reached XP level 9. HP: 45/45 MP: 16/16
  6546 | D:6      | Found Jotwunir's Weapon Boutique.
  6550 | D:6      | Found Atigom's Book Boutique.
  6554 | D:6      | Found Zeodum's General Store.
  6775 | D:6      | Found Ypnisema's Gadget Boutique.
  6783 | D:6      | Bought a scroll of identify for 28 gold pieces
  6834 | D:6      | Found an ornate altar of the Wu Jian Council.
  6911 | D:6      | Noticed Grinder
  6947 | D:6      | Paralysed by Grinder for 3 turns
  6951 | D:6      | Killed Grinder
  7176 | D:6      | Found an ancient bone altar of Kikubaaqudgha.
  7230 | D:6      | Found a snail-covered altar of Cheibriados.
  7235 | D:6      | Found a shadowy altar of Dithmenos.
  7235 | D:6      | Found a stormy altar of Qazlal.
  7748 | D:7      | Reached * piety under Vehumet
  7748 | D:7      | Offered knowledge of Freeze by Vehumet.
  7863 | D:7      | Found a sacrificial altar of Ru.
  8224 | D:7      | Reached skill level 9 in Fire Magic
  8519 | D:7      | Reached skill level 5 in Armour
  8977 | D:8      | Learned a level 4 spell: Sticky Flame
  9014 | D:8      | Reached skill level 1 in Shields
  9080 | D:8      | Reached XP level 10. HP: 50/50 MP: 13/19
  9153 | D:8      | Offered knowledge of Searing Ray by Vehumet.
  9161 | D:8      | Reached ** piety under Vehumet
  9425 | D:8      | Noticed a +0 dagger
  9425 | D:8      | Noticed a +0 hand axe
  9449 | D:8      | Found a hide-covered altar of Uskayaw.
  9532 | D:8      | Reached skill level 10 in Fire Magic
 10197 | D:9      | Offered knowledge of Ignite Poison by Vehumet.
 10411 | D:9      | Noticed a two-headed ogre
 10425 | D:9      | Killed a two-headed ogre
 10814 | D:9      | Reached *** piety under Vehumet
 10986 | D:9      | Found a shimmering altar of Xom.
 10988 | D:9      | Found a burning altar of Makhleb.
 11083 | D:10     | Entered Level 10 of the Dungeon
 11165 | D:10     | Offered knowledge of Stone Arrow by Vehumet.
 11174 | D:10     | Learned a level 3 spell: Stone Arrow
 11196 | D:10     | Found a staircase to the Lair.
 11244 | D:10     | Reached skill level 1 in Fighting
 11244 | D:10     | Reached skill level 1 in Earth Magic
 11316 | D:10     | Reached XP level 11. HP: 56/56 MP: 21/21
 11390 | D:10     | Found Zuluy's Food Shoppe.
 11654 | D:10     | Found a burning altar of Makhleb.
 12047 | D:11     | Noticed a cyclops
 12049 | D:11     | Noticed a centaur warrior
 12114 | Lair:1   | Entered Level 1 of the Lair of Beasts
 12250 | Lair:1   | Reached skill level 5 in Earth Magic
 12561 | Lair:1   | Reached **** piety under Vehumet
 13791 | Lair:2   | Offered knowledge of Hailstorm by Vehumet.
 14044 | Lair:2   | Noticed Fannar
 14063 | Lair:2   | Noticed a seven-headed hydra
 14070 | Lair:2   | Killed Fannar
 14070 | Lair:2   | Reached skill level 5 in Fighting
 14070 | Lair:2   | Reached skill level 1 in Evocations
 14091 | Lair:1   | Killed a seven-headed hydra
 14505 | Lair:2   | Learned a level 5 spell: Fireball
 14537 | Lair:2   | Found a staircase to the Snake Pit.
 15494 | Lair:2   | Reached XP level 12. HP: 65/68 MP: 7/22
 15622 | Lair:3   | Reached skill level 5 in Evocations
 15636 | Lair:3   | Noticed a six-headed hydra
 15642 | Lair:3   | Killed a six-headed hydra
 15718 | Lair:3   | Reached ***** piety under Vehumet
 15965 | Lair:3   | Offered knowledge of Orb of Destruction by Vehumet.
 16142 | Lair:3   | Learned a level 7 spell: Orb of Destruction
 16256 | Lair:3   | Found a staircase to the Shoals.
 17180 | Lair:3   | Noticed a seven-headed hydra
 17192 | Lair:3   | Killed a seven-headed hydra
 17579 | Lair:4   | You fall into a shaft and drop 2 floors!
 17579 | Lair:6   | Entered Level 6 of the Lair of Beasts
 17771 | Lair:6   | Noticed a five-headed hydra
 17784 | Lair:6   | Killed a five-headed hydra
 17870 | Lair:6   | Noticed a catoblepas
 18019 | Lair:5   | Reached skill level 10 in Evocations
 18316 | Lair:4   | Found an ancient bone altar of Kikubaaqudgha.
 18633 | Lair:5   | Reached XP level 13. HP: 72/72 MP: 23/23
 18861 | Lair:5   | You fall into a shaft and drop 1 floor!
 18961 | Lair:5   | Reached skill level 11 in Fire Magic
 20033 | Lair:4   | Reached skill level 12 in Fire Magic
 21695 | Lair:6   | Reached skill level 13 in Fire Magic
 23175 | Lair:6   | Reached skill level 14 in Fire Magic
 23550 | Lair:6   | Offered knowledge of Conjure Ball Lightning by Vehumet.
 23554 | Lair:6   | Gained mutation: Your large and strong wings let you fly
                  | indefinitely. [Gargoyle growth]
 23554 | Lair:6   | Reached XP level 14. HP: 66/78 MP: 24/24
 23676 | Lair:6   | Found a staircase to the Slime Pits.
 25917 | D:11     | Found a hide-covered altar of Uskayaw.
 25919 | D:11     | Noticed Urug
 25932 | D:11     | Noticed Erolcha
 25935 | D:11     | Killed Urug
 25936 | D:11     | Paralysed by Erolcha for 5 turns
 27003 | D:11     | Found a staircase to the Orcish Mines.
 27013 | D:11     | Killed Erolcha
 27013 | D:11     | Reached skill level 10 in Conjurations
 27013 | D:11     | Reached skill level 15 in Fire Magic
 27397 | D:11     | Offered knowledge of Starburst by Vehumet.
 29426 | D:13     | Noticed a storm dragon
 29626 | D:13     | Found a stormy altar of Qazlal.
 30125 | D:6      | Bought the ring of Jagatuhule {rC+++ MR++ MP+9 Str-3 Int+2}
                  | for 987 gold pieces
 30479 | D:13     | Killed a storm dragon
 30744 | D:13     | Noticed a fire giant
 30752 | D:13     | Killed a fire giant
 31145 | D:13     | Reached XP level 15. HP: 18/82 MP: 25/25
 31711 | D:14     | Reached skill level 10 in Earth Magic
 31967 | D:14     | Offered knowledge of Irradiate by Vehumet.
 32023 | D:15     | Entered Level 15 of the Dungeon
 32391 | D:15     | Noticed Louise
 32407 | D:15     | Killed Louise
 32782 | D:15     | Noticed Azrael
 32790 | D:15     | Killed Azrael
 33159 | D:15     | Noticed Agnes
 33176 | D:15     | Slain by Agnes

Levels and vault maps discovered:
D:1:      minmay_arrival_doors, layout_loops_ring, minmay_liquid_box
D:2:      layout_loops_cross, lemuel_coloured_pillars_altar, serial_bayou,
          serial_bayou_shore_a, serial_bayou_pond_d, serial_bayou_crossing,
          serial_bayou_lagoon_a, serial_bayou_shore_b
D:3:      layout_basic
D:4:      layout_cave_pods, grunt_temple_overflow_magic_moments, uniq_menkaure
D:5:      layout_basic, bloody_trog, minmay_temple_entry_purple_smoke,
          nicolae_ossuary_entry_plus, first_ration, uniq_edmund
D:6:      layout_basic, chequers_temple_overflow_statue_of_worship,
          overflow_temple_1_default, basic_altar, minmay_shop_grid_forest,
          uniq_grinder
D:7:      layout_loops_corners, nicolae_ru_sacrificial_ziggurat,
          kennysheep_generic_room_10
D:8:      layout_basic, dancing_weapons_uskayaw, hangedman_little_slice_of_home
D:9:      layout_irregular_city, grunt_temple_overflow_champion_of_chaos
D:10:     layout_stronghold, dpeg_oklobed_lair, serial_shops, shop_fountains,
          bloody_makhleb
D:11:     layout_rooms, kennysheep_orc_monster_closet_entryway, basic_altar,
          nooodl_orcs_dogs, uniq_erolcha, uniq_urug
D:12:     layout_cave_pods
D:13:     layout_irregular_city, basic_altar, minmay_radiant
D:14:     layout_gridville, grunt_vaults_entry_tiered
D:15:     grunt_enter_depths_snipers, layout_grid_maze, roderic_st_hans_cross,
          minmay_checkerbox, uniq_azrael, uniq_agnes, uniq_louise
Temple:   compressed_dpeg_triangle_lava_temple
Lair:1:   layout_small_grid
Lair:2:   layout_roguey, minmay_snake_entry_guardpost_small, special_room
          [special_room_bee], hangedman_lair_unloving_vines, fungi_pond_lemuel,
          infiniplex_staircase_pool, uniq_fannar
Lair:3:   layout_roguey, minmay_shoals_entry_hut, chequers_serial_rivers_room_b,
          st_stairs_11, grunt_megastairs_1
Lair:4:   layout_hall_layers, basic_altar, grunt_megastairs_2
Lair:5:   layout_cave_pods, minivault_26, chequers_serial_rivers_small_b
Lair:6:   evilmike_catoblepas_cave, layout_gridlike,
          minmay_slime_entry_oklob_enclosed, serial_bayou_lake_a,
          lemuel_fruit_tree

Skill      XL: |  1  2  3  4  5  6  7  8  9 10 11 12 13 14 15 |
---------------+----------------------------------------------+-----
Conjurations   | 2 3 4 5 7 12 13 | 13.5
Fire Magic     | 4 5 6 8 9 10 14 15 | 15.0
Spellcasting   | 3 4 5 6 7 |  7.2
Armour         | 1 3 5 8 |  8.0
Shields        | 1 4 |  4.5
Fighting       | 1 5 |  5.1
Earth Magic    | 1 8 9 10 | 10.9
Evocations     | 4 10 | 10.1
Dodging        | |  1.5
Stealth        | |  2.1

Action                   |  1- 3 |  4- 6 |  7- 9 | 10-12 | 13-15 || total
-------------------------+-------+-------+-------+-------+-------++-------
Melee: Short sword       |    22 |       |       |       |       ||    22
       Unarmed           |     5 |       |       |       |       ||     5
       Dagger            |     7 |    76 |   198 |       |       ||   281
       Scimitar          |       |       |    82 |   358 |   192 ||   632
       Staff             |       |       |       |       |    77 ||    77
 Cast: Foxfire           |    23 |    90 |   259 |   421 |   329 ||  1122
       Sticky Flame      |       |       |     1 |    23 |    34 ||    58
       Fireball          |       |       |       |    12 |    76 ||    88
       Stone Arrow       |       |       |       |    24 |   385 ||   409
 Abil: Fly               |       |       |       |       |     1 ||     1
       Stop Flying       |       |       |       |       |     1 ||     1
Evoke: Lamp of fire      |       |       |       |     2 |     3 ||     5
       Phantom mirror    |       |       |       |     1 |       ||     1
       Wand              |       |       |       |       |     3 ||     3
  Use: Scroll            |       |       |    15 |     7 |    13 ||    35
       Potion            |       |       |     1 |     3 |     4 ||     8
  Eat: Chunk             |       |     9 |    14 |    24 |    67 ||   114
       Ration            |       |       |     1 |     4 |     2 ||     7
Armor: Robe              |    22 |     6 |       |       |       ||    28
       Fire dragon scale |       |    71 |   234 |   428 |   591 ||  1324
Dodge: Dodged            |    29 |    55 |   126 |   292 |   324 ||   826
Block: Buckler           |       |       |     4 |   117 |   144 ||   265
       Rpst.: Scimitar   |       |       |    15 |    91 |    56 ||   162

Table legend:
 A = Non-vault XP
 B = Vault XP
 C = Vault XP percentage of total XP
 D = Non-vault monster count
 E = Vault monster count
 F = Vault count percentage of total count
                 A         B        C        D         E       F
            +---------+---------+-------+---------+---------+-------
      Total |   68504 |   38482 |  36.0 |     479 |     171 |  26.3
            +---------+---------+-------+---------+---------+-------
        D:1 |     157 |       0 |   0.0 |      21 |       0 |   0.0
        D:2 |      41 |       0 |   0.0 |      10 |       0 |   0.0
        D:3 |      97 |       0 |   0.0 |      36 |       0 |   0.0
        D:4 |     702 |     169 |  19.4 |      21 |       1 |   4.5
        D:5 |     416 |     157 |  27.4 |      16 |       1 |   5.9
        D:6 |     903 |     272 |  23.1 |      25 |       1 |   3.8
        D:7 |     811 |      50 |   5.8 |      30 |       1 |   3.2
        D:8 |    1894 |     163 |   7.9 |      37 |       8 |  17.8
        D:9 |    2648 |      50 |   1.9 |      22 |       1 |   4.3
       D:10 |    2475 |     100 |   3.9 |      37 |       1 |   2.6
       D:11 |    3841 |    5042 |  56.8 |      17 |      32 |  65.3
       D:12 |    3666 |       0 |   0.0 |      32 |       0 |   0.0
       D:13 |    4931 |    4667 |  48.6 |      24 |       3 |  11.1
       D:14 |    6805 |    1194 |  14.9 |      15 |       6 |  28.6
       D:15 |    6403 |    5654 |  46.9 |      18 |       8 |  30.8
     Lair:1 |    3212 |       0 |   0.0 |      11 |       0 |   0.0
     Lair:2 |    1408 |    3184 |  69.3 |      11 |      28 |  71.8
     Lair:3 |    5766 |    1539 |  21.1 |      19 |       9 |  32.1
     Lair:4 |    5937 |    3211 |  35.1 |      21 |      10 |  32.3
     Lair:5 |    6839 |    3337 |  32.8 |      25 |       5 |  16.7
     Lair:6 |    9552 |    9372 |  49.5 |      31 |      19 |  38.0
    Ossuary |       0 |     321 | 100.0 |       0 |      37 | 100.0
            +---------+---------+-------+---------+---------+-------
